 Dungeon Crawl Stone Soup version 0.20.1-1-g8b1a95d (webtiles) character file.

153449 equalderp2856 the Cleaver (level 17, -15/135 HPs)
             Began as a Mummy Fighter on Sept 13, 2017.
             Killed from afar by a hell hog (33 damage)
             ... with a fireball
             ... on level 2 of the Abyss.
             The game lasted 02:46:23 (61867 turns).

equalderp2856 the Cleaver (Mummy Fighter)          Turns: 61867, Time: 02:46:24

Health: -15/135    AC: 28    Str: 21    XL:     17   Next: 4%
Magic:  33/33      EV: 10    Int: 11    God:
Gold:   1936       SH: 13    Dex: 16    Spells: 40/40 levels left

rFire    . . .     SeeInvis .   t - +0 war axe (freeze)
rCold    + . .     Gourm    .   L - +0 shield {AC+3}
rNeg     + + +     Faith    .   S - +4 chain mail {rF+}
rPois    ∞         Spirit   .   s - +2 helmet
rElec    .         Reflect  .   H - +2 cloak
rCorr    .         Harm     .   N - +0 pair of gloves {Dex+3}
MR       ++...                  F - +0 pair of boots
Stlth    ..........             b - amulet of regeneration
Regen    0.4/turn               q - ring of wizardry
MPRegen  0.3/turn               g - ring of flight

@: about to teleport, studying Necromancy
A: no food or potions, fire vulnerability, cold resistance 1, negative energy
resistance 3, torment resistance, unbreathing, in touch with death 1
a: Evoke Flight


You were on level 2 of the Abyss.
You were not hungry.

You visited 4 branches of the dungeon, and saw 25 of its levels.
You visited the Abyss 1 time.

You collected 2391 gold pieces.
You spent 455 gold pieces at shops.

Inventory:

Hand Weapons
 f - a -2 broad axe
 t - a +0 war axe of freezing (weapon)
 v - a +0 trident
 z - a +3 hand crossbow
 X - a +3 war axe of venom
Missiles
 c - 49 bolts
Armour
 h - a +2 hat
 s - a +2 helmet (worn)
 w - a +2 plate armour
 F - a +0 pair of boots (worn)
 H - a +2 cloak (worn)
 L - a +0 shield of protection (worn)
 N - a +0 pair of gloves of dexterity (worn)
 S - a +4 chain mail of fire resistance (worn)
Jewellery
 b - an amulet of regeneration (around neck)
 g - a ring of flight (right hand)
 j - an uncursed ring of resist corrosion
 k - an uncursed amulet of faith
 m - an uncursed ring of magical power
 n - a +5 amulet of reflection
 q - a ring of wizardry (left hand)
 r - an uncursed ring of see invisible
 x - an uncursed ring of magical power
 y - an uncursed ring of protection from fire
 C - an uncursed amulet of guardian spirit
Wands
 E - a wand of confusion (13/48)
 G - a wand of flame (19/48)
 K - a wand of random effects (9/48)
 M - a wand of polymorph (17/24)
 O - a wand of enslavement (9/24)
 P - a wand of digging (8/24)
 T - a wand of random effects (16/48)
 U - a wand of enslavement (15/24)
 V - a wand of enslavement (12/24)
 W - a wand of confusion (20/48)
Scrolls
 a - 2 scrolls of acquirement
 d - 4 scrolls of identify
 e - 3 scrolls of fog
 i - 2 scrolls of magic mapping
 l - a scroll of silence
 o - 13 scrolls of remove curse
 A - 5 scrolls of teleportation
 B - a scroll of holy word
 R - a scroll of enchant armour
 Y - a scroll of fear
 Z - a scroll of amnesia
Books
 u - a manual of Necromancy
Miscellaneous
 p - a lightning rod (4/4)
 I - a phial of floods
 J - a sack of spiders


   Skills:
 + Level 12.4 Fighting
 + Level 14.6(14.7) Axes
 + Level 2.6(10.1) Polearms
 + Level 1.6 Crossbows
 + Level 10.9 Armour
 + Level 4.5 Dodging
 + Level 2.7 Stealth
 + Level 12.7 Shields
 - Level 12.2 Spellcasting
 + Level 1.2 Evocations


You had 40 spell levels left.
You didn't know any spells.

Dungeon Overview and Level Annotations

Branches:
Dungeon (15/15)            Temple (0/1) D:4            Lair (6/6) D:10
  Swamp (2/4) Lair:4       Spider (0/4) Lair:2        Slime (0/5) Lair:6
    Orc (2/2) D:9             Elf (0/3) Orc:2        Vaults (0/5) D:14
 Depths (0/5) D:15

Altars:
Ashenzari
Cheibriados
Dithmenos
Fedhas
Gozag
Hepliaklqana
Nemelex Xobeh
Qazlal
Ru
Sif Muna
Vehumet
Zin
The Shining One
Beogh
Jiyva

Shops:
D:8 ??:   D:12 ?   D:13 *[   Orc:2 ![%}

Annotations:
D:10 HedoNNN's ghost, journeyman MiBe
Swamp:2 Louise
Orc:2 1 runed door, exclusion: 4 orange crystal statues, Saint Roka


Innate Abilities, Weirdness & Mutations

You do not eat or drink.
Your flesh is vulnerable to fire.
You are immune to poison.
Your flesh is cold resistant. (rC+)
You are immune to negative energy. (rN+++)
You are immune to unholy pain and torment.
You can survive without breathing.
You are in touch with the powers of death.


Message History

You hit the starcursed mass but do no damage.
The starcursed mass is lightly damaged.
You hit the hell hog but do no damage.
The hell hog bites you but does no damage.
Unknown command.
You slash the starcursed mass! You freeze the starcursed mass.
The starcursed mass is heavily damaged.
You closely miss the hell hog.
The starcursed mass shudders and is absorbed by its neighbour.
The hell hog bites you but does no damage.
A starcursed mass splits.
A chorus of shrieks assaults your mind.
* * * LOW HITPOINT WARNING * * *
You hit the starcursed mass. You freeze the starcursed mass.
The starcursed mass is heavily damaged.
Your chain mail prevents you from hitting the hell hog.
The starcursed mass shudders and is absorbed by its neighbour.
The hell hog breathes fire at you.
The fireball explodes!
The fireball engulfs you!
You die...

# ## # . . .
# #####.. # h
....... # ##
## #..G#. #
##. ####. #
#.....## # #
#
#.####.#...#
.
#....h.####.#
##. #@..# ##)
#...# #.# #
X##...# # ##
#..## #...#
.##.# . .
##.#. .# . ##
# . . . . .


You could see a starcursed mass and a hell hog.

Vanquished Creatures
  Rupert (D:12)
  A tentacled starspawn (Abyss:2)
  Frances (D:12)
  A tengu reaver (D:9)
  Kirke (Swamp:2)
  Gastronok (Lair:3)
  A thorn hunter (Swamp:2)
  2 orc warlords
  2 deep elf sorcerers (D:14)
  4 dire elephants
  Erolcha (Orc:1)
  Harold (Lair:3)
  10 hydras
  The ghost of Feta the Blocker, a journeyman FoFi of Makhleb (D:9)
  An anaconda (Lair:6)
  A ghost crab (Swamp:1)
  A catoblepas (Lair:6)
  Erica (Orc:1)
  6 centaur warriors
  A death knight (D:14)
  10 two-headed ogres
  An alligator (Swamp:2)
  3 tengu warriors
  An ogre mage (D:15)
  A vampire mage (D:14)
  5 death yaks (Lair:6)
  A hell hog (Abyss:2)
  6 orc high priests
  Urug (D:10)
  Nergalle (Orc:1)
  A hell knight (D:15)
  10 skeletal warriors
  4 unseen horrors
  A shambling mangrove (Swamp:1)
  Pikel (D:8)
  2 wizards
  7 orc knights
  10 deep elf magi
  3 cyclopes
  7 orc sorcerers
  4 oklob plants (Lair:4)
  5 ugly things
  4 manticores
  The ghost of galech the Ruffian, a novice TrMo of Okawaru (D:8)
  10 elephants
  Joseph (D:8)
  4 black mambas
  Psyche (D:10)
  2 naga magi (D:14)
  2 torpor snails (Lair:6)
  11 komodo dragons
  An efreet (D:13)
  21 spiny frogs
  3 kobold demonologists
  A freezing wraith (D:14)
  2 rime drakes
  A tengu conjurer (D:15)
  3 meliai (D:14)
  A queen bee (D:11)
  8 trolls
  3 jumping spiders
  2 tyrant leeches (Swamp:1)
  Prince Ribbit (D:6)
  3 raiju (Abyss:2)
  13 blink frogs
  Grinder (D:3)
  7 hornets
  A slime creature (shapeshifter) (D:15)
  15 slime creatures
  5 dream sheep (Lair:6)
  2 bog bodies (Swamp:2)
  12 hippogriffs
  A redback (D:10)
  2 spriggans (Swamp:2)
  51 yaks
  5 wyverns
  6 basilisks
  2 steam dragons
  A golden eye (shapeshifter) (D:15)
  The ghost of Chisa the Changer, an amateur MfTm of Yredelemnul (D:4)
  22 vampire mosquitoes
  4 hungry ghosts (D:11)
  A soldier ant (D:13)
  15 insubstantial wisps
  19 swamp worms
  5 wargs (Orc:2)
  Duvessa (D:4)
  11 porcupines
  A water moccasin (shapeshifter) (D:14)
  15 water moccasins
  An eye of draining (D:14)
  6 ice beasts
  62 orc warriors
  6 black bears
  6 sky beasts
  11 ogres
  3 phantoms
  The ghost of Chisa the Poker, an amateur MfFi (D:3)
  3 wolves
  12 crocodiles
  22 centaurs
  20 bullfrogs
  2 big kobolds
  A wyvern zombie (D:14)
  Dowan (D:4)
  A wyvern skeleton (D:8)
  4 scorpions
  A small abomination (Abyss:2)
  A water moccasin zombie (D:8)
  29 killer bees
  11 wights
  An electric eel (Lair:4)
  A howler monkey (D:4)
  14 crimson imps
  3 bullfrog zombies
  9 jellies
  4 centaur zombies
  8 centaur skeletons
  A gnoll shaman (D:4)
  2 bullfrog skeletons
  28 orc priests
  5 hounds
  31 orc wizards
  7 iguanas
  10 worker ants
  2 hound skeletons
  2 worker ant zombies
  4 gnolls (D:4)
  2 howler monkey skeletons
  12 adders
  6 shadow imps
  5 oozes (D:11)
  2 adder skeletons
  An adder zombie (D:9)
  4 worms
  2 dart slugs (D:3)
  6 leopard geckos
  118 orcs
  7 bats
  6 giant cockroaches
  6 goblins
  8 hobgoblins
  6 jackals
  7 quokkas
  4 ball pythons
  10 frilled lizards
  20 kobolds
  A leopard gecko skeleton (D:9)
  8 rats
  2 fungi
  10 plants
  2 starspawn tentacles (Abyss:2)
1020 creatures vanquished.

Vanquished Creatures (others)
  A vampire mage (D:14)
  7 humans
  An insubstantial wisp (Swamp:2)
  3 slaves (D:8)
  An orc warrior (Orc:1)
  2 kobolds (D:8)
  A briar patch (Swamp:2)
  41 fungi
  16 plants
  4 starspawn tentacles (Abyss:2)
77 creatures vanquished.

Grand Total: 1097 creatures vanquished

Notes
Turn   | Place    | Note
-------+----------+-------------------------------------------
     0 | D:1      | equalderp2856 the Mummy Fighter began the quest for the Orb.
     0 | D:1      | Reached XP level 1. HP: 18/18 MP: 1/1
   372 | D:1      | Reached XP level 2. HP: 24/24 MP: 2/2
   840 | D:2      | Found a shattered altar of Ashenzari.
   840 | D:2      | Found a stormy altar of Qazlal.
   871 | D:2      | Found a glowing silver altar of Zin.
   979 | D:2      | Reached XP level 3. HP: 16/29 MP: 3/3
  1264 | D:2      | Reached skill level 2 in Axes
  1708 | D:3      | You fall through a shaft for 3 floors!
  1713 | D:6      | Noticed a black bear
  1724 | D:6      | Noticed a bullfrog
  1735 | D:5      | Entered Level 5 of the Dungeon
  1791 | D:4      | Reached XP level 4. HP: 27/35 MP: 4/4
  1803 | D:4      | Noticed Chisa's ghost (amateur MfTm)
  1928 | D:3      | Noticed Grinder
  1964 | D:3      | You fall through a shaft for 2 floors!
  2404 | D:4      | Noticed Duvessa
  2419 | D:4      | Noticed Dowan
  2484 | D:3      | Found a stormy altar of Qazlal.
  2656 | D:3      | Reached XP level 5. HP: 17/41 MP: 5/5
  3370 | D:5      | Reached skill level 3 in Axes
  3554 | D:5      | Reached skill level 1 in Dodging
  3705 | D:6      | Reached XP level 6. HP: 48/48 MP: 6/6
  3757 | D:5      | Found a deep blue altar of Sif Muna.
  4213 | D:4      | Killed Chisa's ghost
  4213 | D:4      | Reached skill level 4 in Axes
  4213 | D:4      | Reached XP level 7. HP: 45/54 MP: 7/7
  4969 | D:6      | Noticed Prince Ribbit
  5434 | D:6      | Found a snail-covered altar of Cheibriados.
  5629 | D:7      | Found an opulent altar of Gozag.
  5660 | D:7      | Reached skill level 5 in Axes
  5660 | D:7      | Reached XP level 8. HP: 58/60 MP: 8/8
  6697 | D:4      | Killed Duvessa
  6865 | D:4      | Killed Dowan
  6865 | D:4      | Reached skill level 5 in Fighting
  6984 | D:4      | Reached skill level 6 in Axes
  7037 | D:4      | Found a staircase to the Ecumenical Temple.
  7478 | D:6      | Reached skill level 5 in Shields
  7769 | D:6      | Reached XP level 9. HP: 68/68 MP: 9/9
  8911 | D:8      | Found Uwyh's Magic Scroll Shoppe.
  9182 | D:8      | Found Wiom's Book Shop.
  9298 | D:8      | Found a radiant altar of Vehumet.
  9302 | D:8      | Found a sacrificial altar of Ru.
  9307 | D:8      | Found a glowing golden altar of the Shining One.
  9310 | D:8      | Found a blossoming altar of Fedhas.
  9324 | D:8      | Noticed Pikel
  9368 | D:8      | Killed Pikel
  9368 | D:8      | Reached skill level 7 in Axes
  9368 | D:8      | Reached skill level 5 in Armour
  9430 | D:8      | Noticed galech's ghost (novice TrMo)
  9444 | D:8      | Noticed Joseph
  9454 | D:8      | Killed Joseph
  9763 | D:8      | Found a stormy altar of Qazlal.
  9872 | D:8      | Found Inuawiets's Magic Scroll Boutique.
 10329 | D:9      | Reached XP level 10. HP: 73/76 MP: 10/10
 10536 | D:9      | Noticed a two-headed ogre
 10667 | D:8      | Found a hazy altar of Hepliaklqana.
 10667 | D:8      | Found a shadowy altar of Dithmenos.
 10804 | D:8      | Bought a scroll of teleportation for 45 gold pieces
 10962 | D:3      | Killed Grinder
 11096 | D:3      | Noticed Chisa's ghost (amateur MfFi)
 11140 | D:3      | Killed Chisa's ghost
 11140 | D:3      | Reached skill level 1 in Stealth
 12020 | D:6      | Killed Prince Ribbit
 12167 | D:8      | Killed a two-headed ogre
 12167 | D:8      | Reached skill level 8 in Axes
 12336 | D:9      | Found a staircase to the Orcish Mines.
 12409 | D:9      | Noticed Feta's ghost (journeyman FoFi)
 12462 | D:9      | Killed Feta's ghost
 13457 | D:10     | Entered Level 10 of the Dungeon
 13470 | D:10     | Noticed HedoNNN's ghost (journeyman MiBe)
 13600 | D:10     | Noticed a two-headed ogre
 14211 | D:6      | Killed a two-headed ogre
 14672 | D:7      | Reached XP level 11. HP: 64/83 MP: 11/11
 14911 | D:8      | Killed galech's ghost
 15272 | D:10     | Reached skill level 9 in Axes
 15458 | D:10     | Noticed Urug
 15948 | D:10     | Found a staircase to the Lair.
 15955 | Lair:1   | Entered Level 1 of the Lair of Beasts
 17870 | Lair:2   | Found a hole to the Spider Nest.
 19249 | Lair:2   | Reached skill level 10 in Axes
 19499 | Lair:2   | Reached XP level 12. HP: 86/91 MP: 12/12
 20115 | Lair:3   | Noticed Harold
 20809 | Lair:4   | Noticed an eight-headed hydra
 21675 | Lair:5   | Noticed a four-headed hydra
 21749 | Lair:4   | Found a staircase to the Swamp.
 21760 | Lair:4   | Reached skill level 1 in Polearms
 21760 | Lair:4   | Reached skill level 10 in Shields
 21959 | Lair:4   | Killed a four-headed hydra
 23083 | Lair:6   | Entered Level 6 of the Lair of Beasts
 23198 | Lair:6   | Reached skill level 1 in Spellcasting
 23431 | Lair:6   | Reached skill level 11 in Axes
 23599 | Lair:6   | Noticed a death yak
 23604 | Lair:6   | Noticed a death yak
 23605 | Lair:6   | Noticed a death yak
 23605 | Lair:6   | Noticed a death yak
 23606 | Lair:6   | Noticed a death yak
 23617 | Lair:6   | Killed a death yak
 23630 | Lair:6   | Killed a death yak
 23653 | Lair:6   | Killed a death yak
 23663 | Lair:6   | Killed a death yak
 23663 | Lair:6   | Gained mutation: You are in touch with the powers of death. [Mummy growth]
 23663 | Lair:6   | Reached XP level 13. HP: 52/100 MP: 10/17
 25093 | Lair:6   | Reached skill level 5 in Spellcasting
 26123 | Lair:6   | Found a viscous altar of Jiyva.
 26123 | Lair:6   | Found a staircase to the Slime Pits.
 27245 | Lair:6   | Noticed a dire elephant
 27458 | Lair:6   | Noticed a dire elephant
 27495 | Lair:6   | Noticed a dire elephant
 27523 | Lair:6   | Killed a dire elephant
 27523 | Lair:6   | Reached skill level 12 in Axes
 28171 | Lair:6   | Killed a dire elephant
 28606 | Lair:6   | Killed a dire elephant
 28606 | Lair:6   | Reached skill level 1 in Evocations
 28787 | Lair:6   | Noticed a dire elephant
 28787 | Lair:6   | Noticed a dire elephant
 29370 | Lair:6   | Reached XP level 14. HP: 98/109 MP: 20/23
 31425 | D:10     | Noticed Psyche
 31445 | D:10     | Killed Psyche
 31486 | D:10     | Killed Urug
 31486 | D:10     | Reached skill level 10 in Fighting
 32572 | Orc:1    | Entered Level 1 of the Orcish Mines
 32958 | Orc:1    | Noticed Erica
 32975 | Orc:1    | Killed Erica
 33098 | Orc:1    | Noticed Erolcha
 33120 | Orc:1    | Killed Erolcha
 33671 | Orc:2    | Entered Level 2 of the Orcish Mines
 33671 | Orc:2    | Found a runed door.
 33954 | Orc:2    | Found a runed door.
 34598 | Orc:1    | Noticed Nergalle
 34612 | Orc:1    | Killed Nergalle
 36110 | Orc:2    | Noticed an orc warlord
 36675 | Orc:2    | Noticed an orc warlord
 36706 | Orc:1    | Killed an orc warlord
 37201 | Orc:2    | Found a roughly hewn altar of Beogh.
 37632 | Orc:2    | Found a staircase to the Elven Halls.
 37663 | Orc:2    | Noticed Saint Roka
 38161 | D:9      | Killed an orc warlord
 40156 | Orc:2    | Found Muemm's Distillery.
 40156 | Orc:2    | Found Vuduck's Gadget Shoppe.
 40157 | Orc:2    | Found Teiss's Armour Shoppe.
 40157 | Orc:2    | Found Koakoyhe's Food Emporium.
 40980 | D:11     | Found a viscous altar of Jiyva.
 41064 | D:11     | Reached XP level 15. HP: 104/117 MP: 25/28
 41695 | D:11     | Found a sparkling altar of Nemelex Xobeh.
 42799 | D:12     | Reached skill level 13 in Axes
 42838 | D:12     | Noticed Frances
 43409 | D:12     | Reached skill level 10 in Armour
 43811 | D:12     | Found Hacs's Magic Scroll Shop.
 43883 | D:12     | Bought a scroll of teleportation for 36 gold pieces
 43883 | D:12     | Bought a scroll of identify for 24 gold pieces
 44293 | D:12     | Killed Frances
 44807 | D:13     | Noticed Rupert
 45002 | D:13     | Paralysed by Rupert for 3 turns
 45079 | D:13     | Found Plog's Antique Armour Boutique.
 45117 | D:13     | Paralysed by Rupert for 3 turns
 45173 | D:11     | Reached skill level 10 in Spellcasting
 45865 | D:12     | Paralysed by Rupert for 7 turns
 45891 | D:12     | Paralysed by Rupert for 5 turns
 45905 | D:12     | Killed Rupert
 46357 | D:13     | Found Giduu's Goods Gallery.
 47228 | D:13     | Bought a book of Geomancy for 350 gold pieces
 49053 | D:14     | Identified Plog's Handbook of Dusty Transmutation
 49083 | D:14     | Identified the Volume of Bewitching Transmutation
 49104 | D:14     | Identified the Grimoire of the Traveller and Air
 49123 | D:14     | Found a deep blue altar of Sif Muna.
 49132 | D:14     | Noticed a deep elf sorcerer
 49148 | D:14     | Killed a deep elf sorcerer
 49438 | Lair:1   | Identified a scroll of acquirement
 49691 | D:14     | You fall through a shaft!
 49691 | D:15     | Entered Level 15 of the Dungeon
 49729 | D:15     | Reached XP level 16. HP: 116/126 MP: 28/30
 50317 | D:14     | Found a gate to the Vaults.
 50620 | D:14     | Identified the Almanac of Glacial Conjuration
 50622 | D:14     | Identified the Guide on Burning Snow
 50642 | D:14     | Identified Banonobiff's Papyrus of Confrontation and Displacement
 50643 | D:14     | Identified the Disquisition on Arcane Weapons and Weightlessness
 51051 | D:14     | Reached skill level 14 in Axes
 52354 | D:15     | Found a staircase to the Depths.
 54097 | D:9      | Noticed a tengu reaver
 54126 | D:9      | Killed a tengu reaver
 55061 | Swamp:1  | Entered Level 1 of the Swamp
 56628 | Swamp:2  | Noticed Louise
 58507 | Lair:4   | Reached skill level 1 in Crossbows
 58730 | Lair:3   | Noticed Gastronok
 58766 | Lair:3   | Killed Gastronok
 58937 | Lair:3   | Killed Harold
 59484 | Swamp:2  | Noticed Kirke
 59757 | Swamp:2  | Killed Kirke
 59986 | Swamp:2  | Noticed a thorn hunter
 61116 | Swamp:2  | Killed a thorn hunter
 61676 | Swamp:2  | Cast into level 2 of the Abyss (Louise)
 61741 | Abyss:2  | Noticed a tentacled starspawn
 61743 | Abyss:2  | Reached XP level 17. HP: 80/134 MP: 24/33
 61867 | Abyss:2  | Killed from afar by a hell hog

Skill      XL: |  1  2  3  4  5  6  7  8  9 10 11 12 13 14 15 16 |
---------------+-------------------------------------------------+-----
Axes           | 2 3 4 5 6 7 8 10 11 12 13 14 | 14.6
Armour         | 3 4 5 6 7 8 9 10 | 10.9
Shields        | 3 4 5 6 8 9 10 11 12 | 12.7
Dodging        | 1 2 3 4 |  4.5
Fighting       | 4 5 6 7 8 9 10 11 12 | 12.4
Stealth        | 1 2 |  2.7
Polearms       | 1 2 |  2.6
Spellcasting   | 3 6 9 10 12 | 12.2
Evocations     | 1 |  1.2
Crossbows      | 1 |  1.6

Action                   |  1- 3 |  4- 6 |  7- 9 | 10-12 | 13-15 | 16-18 || total
-------------------------+-------+-------+-------+-------+-------+-------++-------
Melee: War axe           |   131 |   181 |   640 |  1193 |  2455 |  1059 ||  5659
       Trident           |       |       |       |    28 |    53 |    87 ||   168
       Broad axe         |       |       |       |       |       |    14 ||    14
 Fire: Hand crossbow     |       |       |       |       |       |    63 ||    63
 Abil: Evoke Flight      |       |       |       |       |       |     5 ||     5
Evoke: Wand              |       |       |       |     3 |    17 |     4 ||    24
  Use: Scroll            |     5 |     2 |     8 |    13 |     9 |     8 ||    45
 Stab: Petrified         |       |       |       |       |    21 |       ||    21
       Confused          |       |       |       |       |     2 |       ||     2
Armor: Scale mail        |    84 |    88 |    98 |       |       |       ||   270
       Chain mail        |       |       |    55 |       |   476 |   588 ||  1119
       Plate armour      |       |       |    73 |   554 |   721 |       ||  1348
Dodge: Dodged            |    76 |    60 |   132 |   199 |   635 |   309 ||  1411
Block: Shield            |    89 |   123 |   531 |  1048 |  1542 |   661 ||  3994
       Reflection        |       |       |    23 |    13 |     9 |       ||    45
